[Event "Titled Tuesday Blitz July 13 2021"]
[White "Novikov, Evgenij"]
[Black "Tronenkovs, Valdis"]
[WhiteFideId "4125380"]
[BlackFideId "11601558"]
[WhiteElo "2242"]
[BlackElo "2232"]
[Result "1-0"]
[Round "10"]
[TimeControl "180+1"]
[Date "2021.07.13"]
[WhiteClock "0:01:20"]
[BlackClock "0:00:02"]

1. d4 Nf6 2. Nf3 e6 3. Bf4 b6 4. e3 Bb7 5. Nbd2 Be7 6. h3 O-O 7. Bh2 c5 8. c3 d5 9. Bd3 Nbd7 10. Qe2 Ne4 11. Ba6 Bxa6 12. Qxa6 Nxd2 13. Nxd2 c4 14. b3 Qc8 15. Qxc8 Rfxc8 16. bxc4 dxc4 17. a4 Rc6 18. Kd1 Bd6 19. Bxd6 Rxd6 20. Kc2 Rc6 21. Rhb1 a6 22. Rb4 Rac8 23. Rab1 Kf8 24. e4 Ke7 25. f4 h5 26. g3 g6 27. e5 f5 28. exf6+ Kxf6 29. Ne4+ Ke7 30. Re1 Nf6 31. Ng5 Nd5 32. Rbb1 Kd7 33. Nf7 Kc7 34. Re2 Rf8 35. Ng5 Kd7 36. Rbe1 Nc7 37. Nf3 Rf7 38. Ne5+ 1-0


[Site "https://www.chess.com"]

[Event "Titled Tuesday Blitz July 13 2021"]
[White "Novoselski, Zoran"]
[Black "Wagner, Dennis"]
[WhiteFideId "901970"]
[BlackFideId "24650684"]
[WhiteElo "2327"]
[BlackElo "2355"]
[Result "0-1"]
[Round "10"]
[TimeControl "180+1"]
[Date "2021.07.13"]
[WhiteClock "0:00:12"]
[BlackClock "0:00:13"]

1. e4 c5 2. Nf3 d6 3. Bb5+ Nd7 4. c3 Nf6 5. Qe2 a6 6. Ba4 b5 7. Bc2 Bb7 8. O-O g6 9. d4 Bg7 10. e5 Bxf3 11. gxf3 dxe5 12. dxe5 Nd5 13. f4 e6 14. Be4 N7b6 15. Be3 Rc8 16. Nd2 Qh4 17. Qf3 O-O 18. Qg3 Qe7 19. h4 Rfd8 20. Nf3 Nxe3 21. fxe3 Nc4 22. Qf2 Rd7 23. b3 Nb6 24. h5 Nd5 25. Rac1 Rcd8 26. Kg2 b4 27. Bxd5 Rxd5 28. cxb4 cxb4 29. hxg6 hxg6 30. Qe2 Qb7 31. Rfd1 Bf8 32. Rxd5 Qxd5 33. Rc2 Qe4 34. Kf2 a5 35. Rc4 Qb1 36. Rd4 Rc8 37. Rd1 Qf5 38. Nd4 Qh3 39. Qf3 Qh2+ 40. Qg2 Qxg2+ 41. Kxg2 a4 42. Kf3 axb3 43. axb3 Rc3 44. Ke2 Bc5 45. Rd3 Bxd4 46. exd4 Rc2+ 47. Ke3 Rb2 48. d5 exd5 49. Kd4 Rf2 50. Ke3 Rh2 51. Kd4 Rh4 52. Rf3 g5 53. Kxd5 gxf4 54. Kc4 Kg7 55. Kxb4 Kg6 56. Kc4 Kf5 57. Kd5 Rg4 58. b4 Rg3 59. Rf1 Rd3+ 60. Kc4 Rd8 61. b5 Kxe5 62. b6 Ke4 63. Re1+ Kf5 64. Re7 f6 65. b7 f3 66. Re3 Kf4 67. Re1 f2 68. Rb1 Rb8 69. Kd3 Rxb7 70. Rf1 Kf3 71. Kd4 Rd7+ 0-1


[Site "https://www.chess.com"]

[Event "Titled Tuesday Blitz July 13 2021"]
[White "Odegov, Artem"]
[Black "Kolb, Tobias"]
[WhiteFideId "34183644"]
[BlackFideId "12992321"]
[WhiteElo "2288"]
[BlackElo "2110"]
[Result "1-0"]
[Round "10"]
[TimeControl "180+1"]
[Date "2021.07.13"]
[WhiteClock "0:00:08"]
[BlackClock "0:00:01"]

1. d4 d5 2. c4 e6 3. Nf3 c6 4. Nc3 dxc4 5. e4 b5 6. Bg5 Be7 7. Bxe7 Nxe7 8. Be2 Bb7 9. O-O O-O 10. Rc1 Nd7 11. Qc2 a6 12. e5 h6 13. Ne4 c5 14. Nxc5 Nxc5 15. dxc5 Qc7 16. b4 a5 17. a3 axb4 18. axb4 Ra4 19. Rb1 Nc6 20. Qc3 Rfa8 21. Rfe1 Ra3 22. Qc1 Ra2 23. Bxc4 bxc4 24. Qxc4 Ne7 25. Nd4 Bd5 26. Qf1 Nc6 27. Nb5 Qb8 28. Nc3 Rc2 29. Qd3 Nxb4 30. Qd4 Qc7 31. Rxb4 Rc8 32. Rb5 Bc6 33. Rb6 Bd5 34. Rb5 Qc6 35. Nxd5 Qxd5 36. Qxd5 exd5 37. c6 R8xc6 38. Rxd5 Rc1 39. Rdd1 Rxd1 40. Rxd1 g5 41. g3 Kg7 42. Kg2 Kg6 43. Rd6+ Rxd6 44. exd6 Kf6 45. Kf3 Ke6 46. Kg4 Kxd6 47. Kh5 1-0


[Site "https://www.chess.com"]

[Event "Titled Tuesday Blitz July 13 2021"]
[White "Pajeken, Jakob Leon"]
[Black "Papasimakopoulos, Alexandros"]
[WhiteFideId "12942839"]
[BlackFideId "4244125"]
[WhiteElo "2231"]
[BlackElo "2352"]
[Result "0-1"]
[Round "10"]
[TimeControl "180+1"]
[Date "2021.07.13"]
[WhiteClock "0:00:06"]
[BlackClock "0:00:05"]

1. Nf3 f5 2. d3 d6 3. e4 g6 4. exf5 Bxf5 5. Nd4 Bd7 6. Qf3 Nc6 7. Nxc6 Bxc6 8. Qg3 Bg7 9. Nc3 Nf6 10. Be2 e5 11. Bg5 h6 12. Be3 g5 13. h4 g4 14. Bxg4 Nxg4 15. Qxg4 Qf6 16. Ne4 Qf7 17. h5 Bd7 18. Qg3 O-O-O 19. Qf3 Qxf3 20. gxf3 Rdf8 21. Rg1 Rf7 22. Ke2 b6 23. Rg3 d5 24. Rag1 Bf8 25. Rg8 Rhh7 26. Ng3 Kb7 27. Nf1 Bc6 28. c3 d4 29. cxd4 Bxf3+ 30. Kd2 exd4 31. Bxd4 Bxh5 32. Ng3 Bf3 33. Re1 Bc6 34. a3 h5 35. Ne4 h4 36. Ng5 Bh6 37. f4 Bxg5 38. fxg5 Rd7 39. g6 Rh5 40. Be3 h3 41. g7 Bd5 42. Rh8 Rf5 43. Rxh3 Rxg7 44. Kc3 Rd7 45. Bd4 Bf7 46. Re5 Rxe5 47. Bxe5 Bg6 48. d4 Bf5 49. Rf3 Be6 50. b4 Bd5 51. Rf6 Rh7 52. a4 Rh3+ 53. Kb2 Rh7 54. a5 Rd7 55. axb6 axb6 56. b5 Bc4 57. Kc3 Bxb5 58. Kb4 Bc6 59. Rh6 Bd5 60. Rf6 Rh7 61. Rf5 Rh1 62. Rg5 Rb1+ 63. Ka4 c6 64. Rg7+ Ka6 65. Re7 b5+ 66. Ka3 Rb3+ 67. Ka2 Kb6 68. Ka1 b4 69. Re8 Kb5 70. Rh8 Kc4 71. Rh2 Ra3+ 72. Ra2 Rf3 73. Rc2+ Kb3 74. Rc1 Ka3 75. Rc5 b3 76. Bd6 Ka4 77. Kb2 Rf2+ 78. Kc1 b2+ 79. Kb1 Be4+ 80. Ka2 b1=Q# 0-1


[Site "https://www.chess.com"]

[Event "Titled Tuesday Blitz July 13 2021"]
[White "Pastar, Slaven"]
[Black "Costachi, Mihnea"]
[WhiteFideId "14402718"]
[BlackFideId "1217518"]
[WhiteElo "2150"]
[BlackElo "2482"]
[Result "0-1"]
[Round "10"]
[TimeControl "180+1"]
[Date "2021.07.13"]
[WhiteClock "0:00:02"]
[BlackClock "0:01:42"]

1. b3 c5 2. Bb2 d5 3. Nf3 Nc6 4. e3 Nf6 5. d4 cxd4 6. Nxd4 g6 7. c4 Bg7 8. cxd5 Qxd5 9. Nc3 Qa5 10. Bd3 Nxd4 11. exd4 Nd5 12. Qd2 O-O 13. O-O Bxd4 14. Rac1 Nxc3 15. Bxc3 Bxc3 16. Qxc3 Qg5 17. Qc5 Qxc5 18. Rxc5 Rd8 19. Bc4 b6 20. Rc7 Rd7 21. Rxd7 Bxd7 22. Rd1 Bc6 23. Rc1 Bb7 24. f3 Rc8 25. Rd1 Bc6 26. Kf2 b5 27. Bd3 Be8 28. Ke3 e5 29. Be2 Rc3+ 30. Kf2 Rc2 31. Ke3 Kf8 32. Rd5 Rxa2 33. Rxe5 Rb2 34. Kd4 Rxb3 35. Kc5 a5 36. Kb6 a4 0-1


[Site "https://www.chess.com"]

[Event "Titled Tuesday Blitz July 13 2021"]
[White "Peralta, Eduardo"]
[Black "Cunjalo, Faris"]
[WhiteFideId "3700062"]
[BlackFideId "14410710"]
[WhiteElo "2205"]
[BlackElo "2234"]
[Result "1-0"]
[Round "10"]
[TimeControl "180+1"]
[Date "2021.07.13"]
[WhiteClock "0:00:03"]
[BlackClock "0:00:01"]

1. d4 d5 2. Nf3 Nf6 3. Bg5 e6 4. Nbd2 c5 5. e3 Nbd7 6. c3 Bd6 7. Bd3 h6 8. Bh4 Qc7 9. O-O O-O 10. Qe2 Re8 11. a4 b6 12. e4 e5 13. Bxf6 Nxf6 14. dxe5 Bxe5 15. Nxe5 Qxe5 16. f4 Qc7 17. e5 Nh7 18. Rae1 Bb7 19. Bc2 Nf8 20. Qg4 Rad8 21. Re3 Bc8 22. Qe2 d4 23. Rg3 f5 24. Nc4 Ba6 25. Bxf5 Qf7 26. Bd3 dxc3 27. bxc3 Rxd3 28. Nd6 Rxd6 29. Qxa6 Rd2 30. Qb5 Re7 31. a5 Qd5 32. axb6 axb6 33. Qxb6 Ne6 34. Qb8+ Kh7 35. Qb1+ Kh8 36. Qb8+ Qd8 37. Qb3 Rd3 38. Qc4 Rxg3 39. hxg3 Qd2 40. Kh2 Qe3 41. Rf3 Qe1 42. Qd3 Qa1 43. Qe4 Qa7 44. Rd3 Qb7 45. Qxb7 Rxb7 46. f5 Ng5 47. Rd5 Rc7 48. e6 Kg8 49. Rd8+ Kh7 50. c4 Ne4 51. Rf8 Nf6 52. Kh3 1-0


[Site "https://www.chess.com"]

[Event "Titled Tuesday Blitz July 13 2021"]
[White "Piesik, Piotr"]
[Black "Tsaruk, Maksim"]
[WhiteFideId "1136194"]
[BlackFideId "13511173"]
[WhiteElo "2354"]
[BlackElo "2184"]
[Result "1/2-1/2"]
[Round "10"]
[TimeControl "180+1"]
[Date "2021.07.13"]
[WhiteClock "0:00:03"]
[BlackClock "0:00:07"]

1. Nf3 Nf6 2. g3 d5 3. Bg2 c5 4. O-O e6 5. d3 Nc6 6. Nbd2 Be7 7. e4 O-O 8. Qe2 b5 9. e5 Nd7 10. c3 a5 11. h4 b4 12. c4 Bb7 13. cxd5 exd5 14. e6 Nf6 15. exf7+ Rxf7 16. Ng5 Nd4 17. Qd1 Rf8 18. Ndf3 Nxf3+ 19. Qxf3 Ne4 20. Qe2 Nxg5 21. hxg5 Bxg5 22. Bxg5 Qxg5 23. Qe6+ Kh8 24. Qb6 Ba6 25. Qxc5 Bxd3 26. Rfd1 Bg6 27. Rxd5 Qf6 28. Rad1 Qxb2 29. R5d2 Qc3 30. Qb6 Rae8 31. Rd8 a4 32. Rxe8 Rxe8 33. Qb5 b3 34. axb3 axb3 35. Be4 Qe5 36. Qxe5 Rxe5 37. Bxg6 hxg6 38. Rd8+ Kh7 39. Rb8 Re1+ 40. Kg2 Rb1 41. f4 g5 42. fxg5 Kg6 43. Rb5 Kh5 44. Rb7 g6 45. Rb5 Kg4 46. Rb4+ Kxg5 47. Kf3 Kf5 48. Rb5+ Kf6 49. Kg4 b2 50. Rb6+ Ke5 51. Kg5 Kd4 52. Kxg6 Kc3 53. Rc6+ Kd2 54. Rd6+ Ke3 55. Rb6 Kf3 56. Rb3+ Kg4 57. Kg7 Kg5 58. Rb4 Kf5 59. g4+ Kg5 60. Kg8 Kg6 61. Rb6+ Kg5 62. Rb4 Kh6 63. Rb6+ Kg5 64. Rb4 1/2-1/2


[Site "https://www.chess.com"]

[Event "Titled Tuesday Blitz July 13 2021"]
[White "Pourkashiyan, Atousa"]
[Black "Krivonosov, Oleg"]
[WhiteFideId "12502014"]
[BlackFideId "11600349"]
[WhiteElo "2285"]
[BlackElo "2469"]
[Result "1-0"]
[Round "10"]
[TimeControl "180+1"]
[Date "2021.07.13"]
[WhiteClock "0:00:42"]
[BlackClock "0:00:47"]

1. e4 e5 2. Nf3 Nc6 3. Bb5 Nf6 4. d3 Bc5 5. c3 d5 6. exd5 Qxd5 7. Bc4 Qd6 8. O-O O-O 9. h3 Bf5 10. b4 Bb6 11. Re1 Rad8 12. a4 a6 13. b5 axb5 14. axb5 Ne7 15. Ba3 Bc5 16. Bxc5 Qxc5 17. Nxe5 Ng6 18. Nxg6 Bxg6 19. Na3 Nd5 20. d4 Qd6 21. Qf3 c6 22. Bb3 Qf4 23. Bxd5 Qxf3 24. Bxf3 Rd6 25. Nc4 Rf6 26. bxc6 bxc6 27. Ne5 Rc8 28. Nxc6 Kf8 29. d5 Rd6 30. c4 Bf5 31. c5 Rd7 32. d6 1-0


[Site "https://www.chess.com"]

[Event "Titled Tuesday Blitz July 13 2021"]
[White "Primbetov, Kazbek"]
[Black "Weetik, Vjacheslav"]
[WhiteFideId "13702297"]
[BlackFideId "4153472"]
[WhiteElo "2184"]
[BlackElo "2469"]
[Result "0-1"]
[Round "10"]
[TimeControl "180+1"]
[Date "2021.07.13"]
[WhiteClock "0:00:12"]
[BlackClock "0:00:05"]

1. f4 d5 2. b3 Bg4 3. Bb2 e6 4. g3 h5 5. h3 Bf5 6. Nf3 Nf6 7. Bg2 Ne4 8. d3 Nxg3 9. Rh2 h4 10. Nbd2 Nc6 11. Nd4 Nxd4 12. Bxd4 Qd6 13. e3 O-O-O 14. Nf3 f6 15. Qd2 c5 16. Bb2 Qa6 17. a4 Be7 18. O-O-O Kb8 19. Qf2 c4 20. Nxh4 Rxh4 21. Qxg3 Rhh8 22. Qxg7 Bb4 23. Qxf6 cxb3 24. cxb3 Bxd3 25. Qe5+ Ka8 26. Qxh8 Rxh8 27. Bxh8 Qc6+ 28. Kb2 Qc2+ 29. Ka1 Qxd1+ 30. Kb2 Qb1# 0-1


[Site "https://www.chess.com"]

[Event "Titled Tuesday Blitz July 13 2021"]
[White "Przybylski, Wojciech"]
[Black "Damjanovic, Vladimir"]
[WhiteFideId "1117599"]
[BlackFideId "903795"]
[WhiteElo "2317"]
[BlackElo "2374"]
[Result "1-0"]
[Round "10"]
[TimeControl "180+1"]
[Date "2021.07.13"]
[WhiteClock "0:00:06"]
[BlackClock "0:00:01"]

1. e4 c5 2. Nf3 d6 3. d4 cxd4 4. Nxd4 Nf6 5. Nc3 Bd7 6. Be3 Ng4 7. Bc1 Nf6 8. h3 Nc6 9. Be3 h5 10. g3 g6 11. Bg2 Qc8 12. Nd5 Nxd5 13. exd5 Ne5 14. b3 Qc3+ 15. Kf1 Bg7 16. Kg1 h4 17. g4 Bxg4 18. hxg4 Nxg4 19. Rh3 Nxe3 20. fxe3 Be5 21. Rb1 Rc8 22. Bf1 Rh5 23. Kh1 Rg5 24. Bc4 Rg3 25. Rxg3 hxg3 26. Qd3 Qxd3 27. Bxd3 a6 28. Kg2 f5 29. Rh1 Kf7 30. c4 Kf6 31. Ne2 b5 32. Nxg3 bxc4 33. Bxc4 a5 34. Ne2 a4 35. Nd4 axb3 36. Bxb3 Rc3 37. Kf2 f4 38. Ne2 Rxe3 39. Rh8 Kg5 40. Rf8 Kg4 41. Ng1 Rg3 42. Bd1+ Kg5 43. Nf3+ Kh6 44. Nxe5 dxe5 45. Bc2 Kg5 46. Rg8 Kf6 47. Rf8+ Kg7 48. Ra8 Re3 49. Ra4 g5 50. Bf5 Kf6 51. Be6 e4 52. Rb4 Ke5 53. Rb3 1-0


[Site "https://www.chess.com"]

[Event "Titled Tuesday Blitz July 13 2021"]
[White "Reprintsev, Alexander"]
[Black "Pruijssers, Roeland"]
[WhiteFideId "14100541"]
[BlackFideId "1013068"]
[WhiteElo "2126"]
[BlackElo "2545"]
[Result "1-0"]
[Round "10"]
[TimeControl "180+1"]
[Date "2021.07.13"]
[WhiteClock "0:00:58"]
[BlackClock "0:00:31"]

1. e4 Nf6 2. e5 Nd5 3. Nc3 e6 4. Nf3 d6 5. Be2 Nf4 6. O-O dxe5 7. Nxe5 Qg5 8. Ng4 Nxe2+ 9. Qxe2 Nc6 10. d4 Nxd4 11. Bxg5 Nxe2+ 12. Nxe2 f6 13. Bd2 e5 14. Ne3 Be6 15. Bc3 O-O-O 16. b3 Bc5 17. Rad1 b5 18. Rxd8+ Rxd8 19. Rd1 Rxd1+ 20. Nxd1 Bf5 21. Ne3 Bxe3 22. fxe3 Bxc2 23. Bb4 Kb7 24. Bf8 g6 25. Bg7 f5 26. Bxe5 b4 27. Kf2 Bb1 28. Nc1 a5 29. Ke2 c5 30. Kd2 Kc6 31. h4 Kb5 32. g3 c4 33. bxc4+ Kxc4 34. Bb2 a4 35. a3 Be4 36. axb4 Kxb4 37. Bf6 a3 38. Be7+ Ka4 39. Kc3 Bd5 40. Ne2 a2 41. Kb2 Bc4 42. Nc3+ Ka5 43. Nxa2 Kb5 44. Nc3+ Kc6 45. Kc2 Kd7 46. Bg5 Ke6 47. Kd2 Kf7 48. Ne2 Kg7 49. Nd4 h6 50. Bf4 Ba6 51. Ne6+ Kh7 52. Kc3 Bc8 53. Nc7 Kg7 54. Kd4 g5 55. hxg5 hxg5 56. Bxg5 Kg6 57. Bf4 Bb7 58. Ke5 Bc8 59. Nd5 Kh5 60. Ne7 Bd7 61. Kf6 Kg4 62. Ng6 Bc8 63. Ne5+ Kh5 64. Ke7 Be6 65. g4+ fxg4 66. Kxe6 Kh4 67. Kf5 g3 68. Bxg3+ Kxg3 69. e4 1-0


[Site "https://www.chess.com"]

[Event "Titled Tuesday Blitz July 13 2021"]
[White "Rozhkov, Viacheslav"]
[Black "Langner, Ladislav"]
[WhiteFideId "4181484"]
[BlackFideId "300403"]
[WhiteElo "2324"]
[BlackElo "2346"]
[Result "1-0"]
[Round "10"]
[TimeControl "180+1"]
[Date "2021.07.13"]
[WhiteClock "0:01:04"]
[BlackClock "0:00:56"]

1. e4 c5 2. Nf3 e6 3. d4 cxd4 4. Nxd4 a6 5. Nc3 b5 6. g3 Bb7 7. Bg2 Nf6 8. a3 b4 9. axb4 Bxb4 10. O-O O-O 11. Bg5 Be7 12. e5 Bxg2 13. exf6 gxf6 14. Bh6 Bh3 15. Qh5 Qb6 16. Rad1 Bc5 17. Qxh3 f5 18. Qh5 Bxd4 19. Qg5+ Kh8 20. Bxf8 Nc6 21. Be7 Nxe7 22. Qxe7 Rg8 23. Na4 Qb4 24. Qxb4 1-0


[Site "https://www.chess.com"]

[Event "Titled Tuesday Blitz July 13 2021"]
[White "Sadovsky, Artem"]
[Black "Hoffmann, Asa"]
[WhiteFideId "4155840"]
[BlackFideId "2001470"]
[WhiteElo "2442"]
[BlackElo "2117"]
[Result "0-1"]
[Round "10"]
[TimeControl "180+1"]
[Date "2021.07.13"]
[WhiteClock "0:00:11"]
[BlackClock "0:00:08"]

1. f3 d6 2. Kf2 c5 3. c3 Nc6 4. d4 cxd4 5. cxd4 g6 6. Nc3 Bg7 7. e3 Nf6 8. Bd3 e5 9. d5 Ne7 10. e4 a6 11. a4 O-O 12. Nge2 Nh5 13. g4 Nf4 14. Nxf4 exf4 15. a5 f5 16. gxf5 gxf5 17. Kg2 fxe4 18. Bxe4 Ng6 19. Rg1 Qh4 20. Kh1 Bf5 21. Qc2 Qh5 22. Bxf5 Rxf5 23. Qg2 Bd4 24. Bd2 Bxg1 25. Rxg1 Re8 26. Ne4 Rxe4 27. fxe4 f3 28. Qg3 Re5 29. Bc3 Rxe4 30. Qxd6 f2 31. Qb8+ Kf7 32. Qc7+ Re7 33. Qg3 Qxd5+ 34. Qg2 fxg1=Q+ 35. Kxg1 Qxg2+ 36. Kxg2 Nf4+ 37. Kf3 Nd5 38. Bd4 Rd7 39. Ke4 Ke6 40. Bc5 Ne7 41. h3 Nc6 42. b4 Rd5 43. Bf8 Nxa5 44. bxa5 Rxa5 45. h4 Rh5 46. Kf3 Rxh4 47. Kg3 Rc4 48. Bc5 b5 49. Bb6 b4 50. Ba5 b3 51. Bc3 Rxc3+ 52. Kg4 Rc4+ 53. Kg5 Rd4 54. Kh6 Kf6 55. Kh5 Re4 56. Kh6 Rh4# 0-1


[Site "https://www.chess.com"]

[Event "Titled Tuesday Blitz July 13 2021"]
[White "Salazar Olchowski, Gabriel Anton"]
[Black "Koelle, Tobias"]
[WhiteFideId "3920747"]
[BlackFideId "16207378"]
[WhiteElo "1892"]
[BlackElo "2364"]
[Result "0-1"]
[Round "10"]
[TimeControl "180+1"]
[Date "2021.07.13"]
[WhiteClock "0:00:01"]
[BlackClock "0:00:23"]

1. e4 c5 2. Nf3 Nf6 3. Nc3 Nc6 4. Bb5 Nd4 5. Bc4 e6 6. O-O d6 7. Re1 Be7 8. d3 O-O 9. Nxd4 cxd4 10. Ne2 e5 11. Ng3 Re8 12. c3 dxc3 13. bxc3 Bf8 14. Qb3 Qc7 15. Bg5 Ng4 16. h3 h6 17. hxg4 hxg5 18. f3 g6 19. Nf1 Be6 20. Ne3 Rac8 21. Rab1 b6 22. Qb5 Qc5 23. Qxc5 Rxc5 24. Rb3 Rec8 25. Reb1 Be7 26. Rb5 Rxb5 27. Rxb5 Bd7 28. Rb3 Be6 29. Bxe6 fxe6 30. c4 Kf7 31. a4 Rc5 32. Rb5 Rc6 33. Nc2 Rc8 34. Nb4 Rc7 35. Kf2 Rc8 36. Ke3 Ke8 37. Nc2 Kd7 38. Rb1 Rh8 39. Nb4 Rh2 40. Kf2 Kc7 41. Na6+ Kb7 42. Nb4 Rh8 43. a5 Bd8 44. a6+ Kc7 45. Nc2 Be7 46. Na3 Kc6 47. Nb5 Kc5 48. Ke3 d5 49. cxd5 exd5 50. Nxa7 d4+ 51. Ke2 Ra8 52. Rb5+ Kd6 53. Rd5+ Kc7 54. Nb5+ Kc6 0-1


[Site "https://www.chess.com"]

[Event "Titled Tuesday Blitz July 13 2021"]
[White "Samsonkin, Artiom"]
[Black "Tsotsonava, Elene"]
[WhiteFideId "13503111"]
[BlackFideId "13615939"]
[WhiteElo "2513"]
[BlackElo "1847"]
[Result "1-0"]
[Round "10"]
[TimeControl "180+1"]
[Date "2021.07.13"]
[WhiteClock "0:00:07"]
[BlackClock "0:00:06"]

1. e4 c5 2. Nf3 e6 3. Nc3 Nc6 4. Bb5 Nd4 5. O-O a6 6. Bd3 Ne7 7. Nxd4 cxd4 8. Ne2 Nc6 9. c3 Bc5 10. b4 Ba7 11. Bb2 dxc3 12. Bxc3 O-O 13. Nf4 d5 14. exd5 exd5 15. Qh5 h6 16. Nxd5 Be6 17. Nf4 Qd7 18. Nxe6 Qxe6 19. Rae1 Qd6 20. Bb1 Bd4 21. Re4 Rae8 22. Rg4 Re5 23. Qh3 Bxc3 24. dxc3 Rd5 25. Bc2 Rd2 26. Bb3 Ne5 27. Rg3 Qf6 28. f4 Qb6+ 29. Kh1 Rf2 30. Rg1 Rxf4 31. Qh5 Qf6 32. h3 Rd8 33. Re3 Rf5 34. Qe2 Ng6 35. Re8+ Rxe8 36. Qxe8+ Nf8 37. Qe4 Rf4 38. Qxb7 Qxc3 39. Qxa6 Qxb4 40. Qa7 Qd2 41. Qc7 Rf2 42. Qg3 Re2 43. Rd1 Re1+ 44. Rxe1 Qd6 45. Qxd6 Kh8 46. Bxf7 Kh7 47. Qxf8 h5 48. Qg8+ Kh6 49. Re6+ Kg5 50. Qxg7+ Kh4 51. Re4# 1-0


[Site "https://www.chess.com"]

[Event "Titled Tuesday Blitz July 13 2021"]
[White "Sellitti, Federico"]
[Black "Moon_stone123"]
[WhiteFideId "821829"]
[WhiteElo "2579"]
[BlackElo "2421"]
[Result "0-1"]
[Round "10"]
[TimeControl "180+1"]
[Date "2021.07.13"]
[WhiteClock "0:00:04"]
[BlackClock "0:00:40"]

1. e4 c6 2. d4 d5 3. exd5 cxd5 4. Bd3 Nc6 5. c3 Nf6 6. Nf3 Bg4 7. Bf4 e6 8. Nbd2 Bd6 9. Bxd6 Qxd6 10. O-O O-O 11. Qe1 Bxf3 12. Nxf3 Rab8 13. Ne5 Ne7 14. f4 Ng6 15. Rf3 b5 16. g4 b4 17. f5 Nxe5 18. dxe5 Qc5+ 19. Kh1 Nxg4 20. Qg3 exf5 21. Bxf5 Nh6 22. Rg1 Nxf5 23. Rxf5 g6 24. Rf6 Rb6 25. Rgf1 bxc3 26. bxc3 d4 27. cxd4 Qxd4 28. Qf3 Rxf6 29. Qxf6 Qd5+ 30. Kg1 Qxa2 31. h4 Qe6 32. Qf4 h5 33. Rd1 Qg4+ 34. Qxg4 hxg4 35. Kf2 a5 36. Rd5 Ra8 37. Kg3 a4 38. Rd2 a3 39. Ra2 Ra4 40. Kg2 Kg7 41. Kg3 Kh6 42. Kf2 Kh5 43. Ke3 Kxh4 44. Kd3 g3 45. Kc3 0-1


[Site "https://www.chess.com"]

[Event "Titled Tuesday Blitz July 13 2021"]
[White "Sharapov, Evgeny"]
[Black "Rodrigues, Bruno Morado"]
[WhiteFideId "14103133"]
[BlackFideId "2115654"]
[WhiteElo "2367"]
[BlackElo "2040"]
[Result "1/2-1/2"]
[Round "10"]
[TimeControl "180+1"]
[Date "2021.07.13"]
[WhiteClock "0:00:10"]
[BlackClock "0:00:06"]

1. e4 c5 2. Nf3 Nc6 3. d4 cxd4 4. Nxd4 e5 5. Nb5 d6 6. N1c3 a6 7. Na3 b5 8. Nd5 Nce7 9. c4 Nxd5 10. cxd5 f5 11. exf5 Bxf5 12. Nc2 Nf6 13. Ne3 Bd7 14. Be2 Be7 15. O-O O-O 16. b3 Qe8 17. Ba3 Qg6 18. Bd3 Qg5 19. Kh1 Ng4 20. Nxg4 Bxg4 21. f3 Bd7 22. Rc1 Rac8 23. Be4 Qh6 24. Qd3 Bg5 25. Rxc8 Rxc8 26. Bf5 Bf4 27. h3 Bxf5 28. Qxf5 Rf8 29. Qe6+ Qxe6 30. dxe6 Re8 31. Bxd6 Rxe6 32. Rd1 Kf7 33. Kg1 Re8 34. Bc5 Rc8 35. b4 Rc7 36. Kf2 a5 37. a3 axb4 38. axb4 Rc6 39. Rd7+ Kg6 40. g3 Bg5 41. Ke2 Ra6 42. h4 Ra2+ 43. Kf1 Bh6 44. Rb7 Ra3 45. Kg2 Ra2+ 46. Kh3 Kf5 47. Rxb5 g6 48. Bd4 Re2 49. f4 Bg7 50. Bxe5 Bf8 51. Rb8 Be7 52. b5 Ke4 53. Re8 Kf3 54. Rxe7 Re1 55. Kh2 Re2+ 56. Kg1 Re1+ 57. Kh2 Re2+ 58. Kh3 Re1 59. Kh2 1/2-1/2


[Site "https://www.chess.com"]

[Event "Titled Tuesday Blitz July 13 2021"]
[White "Shevchenko, Kirill"]
[Black "Sonis, Francesco"]
[WhiteFideId "14129574"]
[BlackFideId "895733"]
[WhiteElo "2569"]
[BlackElo "2373"]
[Result "1-0"]
[Round "10"]
[TimeControl "180+1"]
[Date "2021.07.13"]
[WhiteClock "0:01:02"]
[BlackClock "0:00:56"]

1. d3 d5 2. Nd2 c6 3. e4 g6 4. g3 Bg7 5. Bg2 Nf6 6. Ngf3 O-O 7. O-O e6 8. Re1 b6 9. e5 Nfd7 10. Nf1 c5 11. h4 Nc6 12. Bf4 h6 13. N1h2 Ne7 14. Ng4 Nf5 15. Qd2 Kh7 16. c4 Bb7 17. h5 gxh5 18. Ne3 Nxe3 19. Qxe3 d4 20. Qe2 Qc7 21. Nh4 Bxg2 22. Kxg2 Qc6+ 23. Kg1 Rh8 24. Qxh5 Kg8 25. Nf3 Nf8 26. Re4 Ng6 27. Nh4 Kh7 28. Rae1 Rhg8 29. Bd2 Qe8 30. Rg4 Bf8 31. Ree4 a6 32. Nf3 Rh8 33. Ng5+ Kg7 34. Nxf7 Qxf7 35. Ref4 Rg8 36. Rxf7+ Kxf7 37. Bxh6 Bxh6 38. Qxh6 Rg7 39. Qg5 1-0


[Site "https://www.chess.com"]

[Event "Titled Tuesday Blitz July 13 2021"]
[White "Shkapenko, Pavel"]
[Black "Ozates, Tuna"]
[WhiteFideId "4151933"]
[BlackFideId "6354521"]
[WhiteElo "2386"]
[BlackElo "1872"]
[Result "1-0"]
[Round "10"]
[TimeControl "180+1"]
[Date "2021.07.13"]
[WhiteClock "0:00:46"]
[BlackClock "0:01:11"]

1. e4 c5 2. c3 d5 3. exd5 Nf6 4. d4 cxd4 5. Qa4+ Nbd7 6. Qxd4 Nb6 7. c4 e6 8. Nc3 Bb4 9. Bd3 Qe7 10. Ne2 exd5 11. cxd5 Nbxd5 12. O-O Nxc3 13. Nxc3 O-O 14. Bg5 Rd8 15. Bxf6 Rxd4 16. Bxe7 Bxe7 17. Rad1 Bf6 18. Be4 Be6 19. Rxd4 Bxd4 20. Rd1 Bf6 21. Nd5 Bxb2 22. Nc7 Rc8 23. Nxe6 fxe6 24. Bxb7 Rc2 25. g3 e5 26. Be4 Re2 27. Bd3 1-0


[Site "https://www.chess.com"]

[Event "Titled Tuesday Blitz July 13 2021"]
[White "Shuvalov, Evgenij"]
[Black "Hryshchenko, Kamila"]
[WhiteFideId "4187237"]
[BlackFideId "14147491"]
[WhiteElo "2163"]
[BlackElo "1966"]
[Result "0-1"]
[Round "10"]
[TimeControl "180+1"]
[Date "2021.07.13"]
[WhiteClock "0:00:55"]
[BlackClock "0:01:44"]

1. Nf3 f5 2. e4 fxe4 3. Ng5 Nf6 4. d3 e6 5. Nc3 Nc6 6. dxe4 Bc5 7. Bd3 O-O 8. O-O Qe8 9. Kh1 h6 10. Nh3 Ne5 11. Be2 Ng6 12. f4 d6 13. Bd3 Bd7 14. Qe2 Bc6 15. e5 Nh4 16. Ne4 Nxe4 17. Bxe4 Bxe4 18. Qxe4 d5 19. Qe1 Nf5 20. g4 Nd4 21. Qd1 Qg6 22. Be3 Qe4+ 23. Rf3 Nxf3 24. Bxc5 Ne1+ 25. Kg1 Qg2# 0-1


[Site "https://www.chess.com"]

[Event "Titled Tuesday Blitz July 13 2021"]
[White "Sjugirov, Sanan"]
[Black "Timofeev, Artyom"]
[WhiteFideId "4189302"]
[BlackFideId "4140419"]
[WhiteElo "2472"]
[BlackElo "2582"]
[Result "0-1"]
[Round "10"]
[TimeControl "180+1"]
[Date "2021.07.13"]
[WhiteClock "0:00:02"]
[BlackClock "0:00:56"]

1. e4 c5 2. Nf3 Nc6 3. Bb5 d6 4. O-O Bd7 5. Re1 a6 6. Bxc6 Bxc6 7. d4 cxd4 8. Nxd4 Rc8 9. c4 Nf6 10. Nc3 g6 11. f3 Bg7 12. Be3 O-O 13. Qd2 Re8 14. Nxc6 Rxc6 15. b3 Qa5 16. Rac1 Rec8 17. Nd5 Qxd2 18. Bxd2 Kf8 19. Kf1 e6 20. Nb4 R6c7 21. Nd3 Nd7 22. Bb4 Nc5 23. Rcd1 b6 24. e5 dxe5 25. Nxe5 Ke8 26. Rd6 Rb7 27. Ng4 a5 28. Bxc5 Rxc5 29. Red1 Ke7 30. a4 Rcc7 31. Ke2 Rd7 32. Rxd7+ Rxd7 33. Rxd7+ Kxd7 34. Nf2 f5 35. g4 Bd4 36. Nd3 Kd6 37. h3 e5 38. gxf5 gxf5 39. Ne1 e4 40. fxe4 fxe4 41. Nc2 Bc5 42. Ne1 Ke5 0-1


[Site "https://www.chess.com"]

[Event "Titled Tuesday Blitz July 13 2021"]
[White "Skatchkov, Valery"]
[Black "Maksimovic, Bojan"]
[WhiteFideId "24195812"]
[BlackFideId "14408120"]
[WhiteElo "2199"]
[BlackElo "2439"]
[Result "0-1"]
[Round "10"]
[TimeControl "180+1"]
[Date "2021.07.13"]
[WhiteClock "0:00:05"]
[BlackClock "0:00:06"]

1. d4 Nf6 2. c4 c5 3. d5 b5 4. Nf3 Bb7 5. Qc2 bxc4 6. e4 e6 7. Bxc4 exd5 8. exd5 Bxd5 9. Bxd5 Nxd5 10. O-O Be7 11. Qe4 Nc7 12. Re1 Nc6 13. Bg5 Ne6 14. Bxe7 Qxe7 15. Nc3 O-O 16. Rad1 Rfe8 17. Nd5 Qf8 18. Qg4 Kh8 19. h4 Ncd4 20. Nxd4 cxd4 21. h5 h6 22. Re5 Rac8 23. Rf5 Rc5 24. Qf3 Ng5 25. Qf4 Re4 26. Qg3 d6 27. b4 Rc2 28. Qd3 Ree2 29. Qxd4 Qc8 30. Ne3 Rxe3 31. Rxg5 hxg5 32. Qxe3 Qf5 33. Rxd6 Rxa2 34. Qd4 Kh7 35. h6 gxh6 36. Rd8 Qb1+ 37. Kh2 Ra1 38. Rh8+ Kg6 39. Rg8+ Kf5 40. Qd5+ Kf6 41. Qd6+ Kf5 42. Re8 Qh1+ 43. Kg3 Qh4+ 44. Kf3 Qg4+ 45. Ke3 Re1+ 46. Kd3 Rd1+ 47. Kc3 Rxd6 0-1


[Site "https://www.chess.com"]